AoeStats
← AiM | Fubuki Sinri

MegaRandom

509813587Analyzed
4v4 RM · 5d ago on Sep 28, 2026· 42m 37s· 8 players
Game mode
Random Map
Map size
Large (8 player)
Population
200
Speed
Normal
Resources
Standard
Victory
Conquest
Starting age
Dark Age
Ending age
Imperial Age
RankedLock teamsTeams togetherTeam positionsShared explorationLock speedFull tech treeHidden civsTurbo modeCheats
Victory
Defeat
🇹🇼 Britons · Taiwan
1639
+8
🇺🇸 Bulgarians · United States
1481
+13
🇺🇸 Saxons · United States
1443
+15
🇲🇽 Jurchens · Mexico
1220
+24
🇦🇷 Khitans · Argentina
1629
-23
🇲🇽 Khmer · Mexico
1599
-22
🇨🇱 Mongols · Chile
1248
-8
🇲🇽 Armenians · Mexico
1211
-13
AiM | Fubuki Sinri
0:31 Loom
9:46 Feudal Age
14:31 Castle Age
12:59 Double-Bit Axe
15:03 Scale Barding Armor
15:08 Horse Collar
21:01 Forging
21:33 Bloodlines
23:53 Chain Barding Armor
25:14 Heavy Plow
26:18 Husbandry
27:53 Iron Casting
28:29 Wheelbarrow
28:28 Town Watch
35:23 Imperial Age
35:05 Light Cavalry
36:51 Plate Barding Armor
36:15 Hussar
38:03 Blast Furnace
37:49 Bow Saw
38:09 Pikeman
42:03 Arson
42:20 Scale Mail Armor
AiM | DARK ENIGMA
0:43 Loom
9:29 Feudal Age
9:35 Man-at-Arms
14:52 Long Swordsman
21:13 Scale Mail Armor
23:25 Arson
24:50 Forging
AIM | Agua cate 98
0:35 Loom
10:24 Feudal Age
14:33 Castle Age
13:37 Double-Bit Axe
13:35 Domestication
15:06 Forging
18:44 Scale Barding Armor
20:41 Iron Casting
21:49 Wheelbarrow
22:36 Chain Barding Armor
24:50 Husbandry
29:51 Bow Saw
30:15 Pastoralism
36:45 Hand Cart
37:20 Fortified Wall
43:37 Imperial Age
41:28 Light Cavalry
42:07 Stone Mining
42:08 Gold Mining
AiM | Velatrixxx
0:39 Loom
10:15 Feudal Age
10:49 Double-Bit Axe
15:16 Fletching
16:46 Padded Archer Armor
16:59 Horse Collar
21:36 Castle Age
20:31 Gold Mining
21:11 Stone Mining
22:39 Bow Saw
22:07 Crossbowman
22:47 Bodkin Arrow
24:45 Leather Archer Armor
26:53 Stone Shaft Mining
26:57 Gold Shaft Mining
27:23 Forging
29:17 Ballistics
28:53 Murder Holes
32:47 Wheelbarrow
35:19 Hand Cart
34:50 Town Watch
38:03 Imperial Age
37:37 Pikeman
38:17 Squires
38:04 Arson
38:40 Thumb Ring
39:15 Iron Casting
38:40 Scale Mail Armor
39:44 Conscription
Nova_Wolf
0:29 Loom
9:29 Feudal Age
17:07 Castle Age
15:36 Double-Bit Axe
20:27 Town Watch
22:31 Wheelbarrow
24:52 Horse Collar
25:17 Padded Archer Armor
31:04 Gold Mining
38:03 Imperial Age
36:01 Fletching
36:27 Leather Archer Armor
37:19 Bow Saw
37:52 Gold Shaft Mining
37:10 Stone Mining
37:28 Bodkin Arrow
38:16 Hand Cart
38:32 Herbal Medicine
38:37 Heavy Cavalry Archer
39:22 Bracer
39:45 Ballistics
40:47 Chemistry
39:59 Masonry
40:34 Ring Archer Armor
40:44 Siege Engineers
41:36 Fortified Bastions
43:22 Conscription
FrNkyboy
0:29 Loom
10:24 Feudal Age
15:39 Castle Age
16:13 Double-Bit Axe
16:09 Horse Collar
17:09 Scale Barding Armor
17:39 Forging
17:42 Bloodlines
18:20 Bow Saw
22:22 Wheelbarrow
24:08 Husbandry
25:42 Iron Casting
26:28 Hand Cart
27:06 Chain Barding Armor
28:06 Town Watch
30:05 Heavy Plow
31:32 Gold Mining
36:30 Imperial Age
35:22 Caravan
37:41 Coinage
36:37 Cavalier
37:56 Plate Barding Armor
38:52 Chemistry
40:00 Blast Furnace
41:28 Banking
41:42 Stirrups
PlanetaryWizard
0:39 Loom
10:21 Feudal Age
10:56 Feudal Age
14:56 Castle Age
13:09 Double-Bit Axe
13:19 Horse Collar
14:38 Gold Mining
15:36 Scale Barding Armor
19:20 Bloodlines
21:31 Chain Barding Armor
22:55 Forging
22:48 Husbandry
23:31 Bow Saw
24:31 Wheelbarrow
24:50 Iron Casting
25:43 Stone Mining
28:47 Hand Cart
28:19 Town Watch
32:38 Imperial Age
30:52 Hand Cart
31:16 Heavy Plow
31:52 Gold Shaft Mining
31:19 Scale Mail Armor
32:21 Chain Mail Armor
32:08 Fletching
32:39 Treadmill Crane
33:07 Squires
32:29 Pikeman
32:57 Gambesons
32:58 Arson
32:47 Cavalier
34:56 Plate Mail Armor
34:40 Masonry
35:45 Two-Man Saw
35:09 Bodkin Arrow
35:17 Halberdier
37:31 Arson
37:17 Elite Varangian Guard
39:27 Ballistics
40:54 Bracer
40:47 Guard Tower
42:19 Keep
sillyoyo
0:31 Loom
7:54 Feudal Age
8:49 Double-Bit Axe
13:01 Fletching
26:28 Castle Age
26:49 Crossbowman
27:50 Bow Saw
27:28 Horse Collar
27:42 Gold Mining
29:00 Town Watch
29:54 Ballistics
30:26 Bodkin Arrow
33:20 Wheelbarrow
35:50 Heavy Plow
39:50 Hand Cart
43:28 Imperial Age
41:46 Padded Archer Armor
41:42 Murder Holes
Connection lost

Rejoining the realm…

Still unreachable

The connection could not be restored.

Session expired

The server has moved on; the page needs a fresh start.